 Dungeon Crawl Stone Soup version 0.19-a0-1008-g4c63d25 (webtiles) character file.

91 pisswolf the Slasher (level 4, -7/33 HPs)
             Began as a Demonspawn Gladiator on July 23, 2016.
             Killed by divine providence
             ... invoked by an orc priest
              (11 damage)
             ... on level 3 of the Dungeon.
             The game lasted 00:03:54 (2154 turns).

pisswolf the Slasher (Demonspawn Gladiator)         Turns: 2154, Time: 00:03:55

Health: -7/33      AC:  5    Str: 16    XL:     4   Next: 33%
Magic:  4/4        EV: 17    Int: 14    God:
Gold:   150        SH:  0    Dex: 19    Spells: 0 memorised, 3 levels left

rFire  . . .     SeeInvis .     a - +0 long sword
rCold  . . .     Gourm    .     e - +0 ring mail
rNeg   . . .     Faith    .     (no shield)
rPois  .         Spirit   .     (helmet restricted)
rElec  .         Dismiss  .     (no cloak)
rCorr  .         Reflect  .     (no gloves)
SustAt .         Harm     .     (no boots)
MR     .....                    (no amulet)
Stlth  ++........               (no ring)
                                (no ring)

@: brilliant, agile, not resistant to hostile enchantments, unstealthy
A: horns 1, powered by pain 1, rot immunity
a: no special abilities


You were on level 3 of the Dungeon.
You were not hungry.

You visited 1 branch of the dungeon, and saw 3 of its levels.

You collected 150 gold pieces.

Inventory:

Hand Weapons
 a - a +0 long sword (weapon)
Missiles
 d - 4 throwing nets (quivered)
Armour
 c - a +0 helmet
 e - a +0 ring mail (worn)
Jewellery
 h - an uncursed ring of fire
Scrolls
 b - a scroll of blinking {unknown}
 k - a scroll of amnesia {unknown}
 m - a scroll of immolation {unknown}
 o - a scroll of noise {unknown}
 r - a scroll of identify {unknown}
 t - 2 scrolls of enchant weapon {unknown}
Potions
 j - a potion of brilliance
 l - a potion of magic
 s - a potion of might {unknown}
 u - a potion of curing {unknown}
Comestibles
 f - 2 bread rations
 i - 2 meat rations
 n - 2 fruits
 p - a beef jerky
 q - 3 chunks of flesh


   Skills:
 - Level 2.0 Fighting
 + Level 4.7 Long Blades
 - Level 1.7 Throwing
 - Level 2.6 Dodging


You had 3 spell levels left.
You didn't know any spells.

Dungeon Overview and Level Annotations

Branches:
Dungeon (3/15)

Altars:


Innate Abilities, Weirdness & Mutations

You have a pair of small horns on your head.
You sometimes gain a little power by taking damage.
You are immune to rotting.


Message History

You kill the orc!
The orc priest calls down the wrath of Beogh upon you.
Beogh smites you!
* * * LOW HITPOINT WARNING * * *
You are too injured to fight recklessly!
It was a potion of agility.
You feel agile all of a sudden. The orc closely misses you.
It was a potion of brilliance.
You feel clever all of a sudden. The orc misses you.
You riposte.
You hit the orc. You headbutt the orc, but do no damage.
The orc is lightly wounded.
Some of the chunks of flesh in your inventory have rotted away.
It was a potion of magic.
Magic courses through your body. The orc barely misses you.
You riposte.
You barely miss the orc.
The orc is lightly wounded.
The orc priest mumbles some strange prayers to Beogh against you.
Beogh smites you!
You die...

#.# #........ .. #.#
#.#.##.## .. #)###.#.##...
.. #.......##### #.
#####.### ## # #. ##.# ##.
##.#. ##..# ##..
###....##########...####...
........oo@............+.(.
###....########.#...####...
##.#. #.##.## ##.. # #o
#.#### ##. #o #.# ## #o #.#
# #o #.# #. #.# #.# #


You could see an orc priest and an orc.

Vanquished Creatures
  3 adders (D:2)
  2 worms
  2 giant geckos (D:3)
  6 orcs (D:3)
  A giant cockroach (D:1)
  5 goblins
  5 hobgoblins
  8 jackals (D:1)
  A quokka (D:3)
  5 giant newts
  4 kobolds
  5 rats
47 creatures vanquished.

Notes
Turn   | Place    | Note
-------+----------+-------------------------------------------
     0 | D:1      | pisswolf the Demonspawn Gladiator began the quest for the Orb.
     0 | D:1      | Reached XP level 1. HP: 16/16 MP: 1/1
    34 | D:1      | Reached skill level 3 in Long Blades
   135 | D:1      | Gained mutation: You have a pair of small horns on your head. [demonic ancestry]
   135 | D:1      | Reached XP level 2. HP: 15/22 MP: 2/2
  1109 | D:2      | Gained mutation: You are immune to rotting. [demonic ancestry]
  1109 | D:2      | Reached XP level 3. HP: 26/27 MP: 3/3
  1257 | D:2      | Reached skill level 4 in Long Blades
  1665 | D:2      | Gained mutation: You sometimes gain a little power by taking damage. [demonic ancestry]
  1665 | D:2      | Reached XP level 4. HP: 31/33 MP: 4/4
  2154 | D:3      | Killed from afar by an orc priest

Vault maps used:
D:1:      dpeg_arrival_simpleton_b, serial_bayou_pond_c, hex_tiny
D:2:      minmay_tromino_v2

Skill      XL: |  1  2  3 |
---------------+----------+-----
Long Blades    | 3 4 |  4.7
Fighting       | |  2.0
Throwing       | |  1.7
Dodging        | |  2.6

Action                   |  1- 3 |  4- 6 || total
-------------------------+-------+-------++-------
Melee: Long sword        |   118 |    27 ||   145
       Headbutt          |    14 |     8 ||    22
  Use: Potion            |       |     3 ||     3
  Eat: Chunk             |     2 |     2 ||     4
Armor: Ring mail         |    30 |     3 ||    33
Dodge: Dodged            |    58 |    10 ||    68
